 Dungeon Crawl Stone Soup version 0.29-a0-577-gafbf2c5d25 (webtiles) character file.

Game seed: 11363644049316448165

3 Nacho the Grasshopper (level 1, -1/17 HPs)
             Began as a Barachi Warper on June 13, 2022.
             Slain by a gnoll
             ... wielding a +0 whip
              (3 damage)
             ... on level 1 of the Dungeon.
             The game lasted 00:03:18 (292 turns).

Nacho the Grasshopper (Barachi Warper)               Turns: 292, Time: 00:03:18

Health: -1/17      AC:  3    Str: 12    XL:     1   Next: 50%
Magic:  3/3        EV: 11    Int: 13    God:
Gold:   0          SH:  0    Dex: 11    Spells: 4/4 levels left

rFire   . . .      SeeInvis .   a - +0 spear
rCold   . . .      Faith    .   (no shield)
rNeg    . . .      Spirit   .   b - +0 leather armour
rPois   .          Reflect  .   (no helmet)
rElec   .          Harm     .   (no cloak)
rCorr   .          Rampage  .   (no gloves)
Will    .....                   (no boots)
Stlth   +.........              (no amulet)
HPRegen 0.05/turn               (no ring)
MPRegen 0.08/turn               (no ring)

@: slow
A: amphibious, slowness 1, strong legs 1, +LOS
a: Hop


You were on level 1 of the Dungeon.
You visited 1 branch of the dungeon, and saw 1 of its levels.

Inventory:

Hand Weapons
 a - a +0 spear (weapon)
 e - a +0 hunting sling
Missiles
 d - 7 boomerangs of dispersal (quivered)
 i - 5 boomerangs
Armour
 b - a +0 leather armour (worn)
Scrolls
 c - a scroll of blinking
 h - a scroll of fog {unknown}
Potions
 f - 2 potions of brilliance {unknown}


   Skills:
 + Level 2.4 Fighting
 + Level 2.0 Polearms
 + Level 1.0 Throwing
 + Level 1.2 Armour
 + Level 2.3 Dodging
 + Level 2.1 Spellcasting
 + Level 3.4 Translocations


You had 4 spell levels left.
You didn't know any spells.
Your spell library contained the following spells:

 Spells                   Type           Power      Damage    Failure   Level
 Blink                    Tloc           20%        N/A       12%         2
 Gell's Gravitas          Tloc           10%        N/A       24%         3
 Lesser Beckoning         Tloc           10%        N/A       24%         3
 Teleport Other           Tloc           10%        N/A       24%         3
 Manifold Assault         Tloc           10%        N/A       91%         5


Dungeon Overview and Level Annotations

Branches:
Dungeon (1/15)

Altars:


Innate Abilities, Weirdness & Mutations

You are amphibious.
You cover ground slowly.
You can hop short distances.
You have an extended range of vision and can be seen from far away.


Message History

h - a scroll labelled GINET GILONE
i - 5 boomerangs A goblin comes into view.
It is wielding a +0 club.
An endoplasm comes into view.
The endoplasm quivers.
As you read the scroll labelled KAMIDU EBOAR, it crumbles to dust.
You feel strangely unstable.
It was a scroll of teleportation.
You hit the goblin.
The goblin is moderately wounded.
Your surroundings suddenly seem different.
A goblin comes into view. It is wielding a +0 club.
The goblin shouts!
You hear a shout!
Found 11 gold pieces.
Found 16 gold pieces.
A gnoll comes into view. It is wielding a +0 whip.
A bat comes into view.
The goblin hits you but does no damage.
The bat moves out of view.
You hit the goblin.
You kill the goblin!
Things that are here:
a +0 club; a goblin corpse You barely miss the gnoll.
The gnoll completely misses you.
You hit the gnoll but do no damage. The gnoll hits you with a +0 whip.
You closely miss the gnoll. The gnoll hits you with a +0 whip!
You hit the gnoll but do no damage. The bat hits you but does no damage.
The gnoll hits you with a +0 whip.
* * * LOW HITPOINT WARNING * * *
You barely miss the gnoll. The bat barely misses you.
The gnoll closely misses you.
You hit the gnoll but do no damage. The bat hits you but does no damage.
The gnoll barely misses you.
You hit the bat.
The bat is severely wounded.
The bat closely misses you. The bat hits you but does no damage.
The gnoll hits you with a +0 whip.
* * * LOW HITPOINT WARNING * * *
You hit the bat.
You kill the bat!
The gnoll hits you with a +0 whip.
You die...

###+#.#
.....# .....#
#####.....##
#..........##
#............
#.......$.$..
#....g.......
#...@#
##....#
#.....+
#.....#
#.....#
#.##### #. #.
#


You could see a gnoll.

Vanquished Creatures
  A bat (D:1)
  A quokka (D:1)
  A ball python (D:1)
  A goblin (D:1)
  A rat (D:1)
5 creatures vanquished.

Notes
Turn   | Place    | Note
-------+----------+-------------------------------------------
     0 | D:1      | Nacho the Barachi Warper began the quest for the Orb.
     0 | D:1      | Reached XP level 1. HP: 17/17 MP: 3/3
   292 | D:1      | Slain by a gnoll

Illustrated notes

Levels and vault maps discovered:
D:1:      roderic_chinese_lattice_arrival, layout_basic

Action                   || total
-------------------------++-------
Melee: Spear             ||    18
  Use: Scroll            ||     1
Armor: Leather armour    ||     6
Dodge: Dodged            ||     8

Table legend: (Time is in decaauts)
 A = Elapsed time spent in this place.
 B = Non-inter-level travel time spent in this place.
 C = Inter-level travel time spent in this place.
 D = Time resting spent in this place.
 E = Time spent auto-exploring this place.
 F = Levels seen in this place.
 G = Mean time per level.
                   A        B        C        D        E       F      G
               +--------+--------+--------+--------+--------+-----+--------+
         Total |    301 |    298 |      3 |    219 |      1 |   1 |  301.0 |
       Dungeon |    301 |    298 |      3 |    219 |      1 |   1 |  301.0 |
               +--------+--------+--------+--------+--------+-----+--------+

Top non-repeatable levels by time:
     D:1: 301 daAuts
